[ PARTIDA AOE2 · #505270394 ]
UnrankedMagiares vs Japanese
Equipo del jugador · DERR
Equipo rival · VICT
[ ANÁLISIS DE REPETICIÓN · EXTRAÍDO DE LA PARTIDA GRABADA ]
Feudal
9:19
Castillos
24:24
Imperial
—
| APM promedio | 48.1 |
| APM pico | 90 |
| eAPM promedio | 26.3 |
| Aldeanos / militares | 102 / 84 |
Foco
⚔️ 38.8% · 🌾 61.2%
Magyar Huszar ×29 · Archer ×20 · Battering Ram ×20 · Cavalry Archer ×11 · Knight ×3 · Spearman ×1
Feudal
8:53
Castillos
24:18
Imperial
—
| APM promedio | 45.2 |
| APM pico | 87 |
| eAPM promedio | 28.0 |
| Aldeanos / militares | 190 / 53 |
Foco
⚔️ 28.3% · 🌾 71.7%
Knight ×23 · Samurai ×21 · Militia ×6 · Monk ×3
Mapa de la partida
Recursos iniciales + cada clic de construcción. Líneas = muros · curvas = relieve. ◆ oro · ⬟ piedra · ● bayas · ✦ reliquia · ◌ hueco del cierre
Tu base· Abierta — flanco sin cerrar
Base de 新竹· Abierta — flanco sin cerrar
Terreno inicial suavizado · ◌ = hueco del cierre detectado · pasá el cursor para detalles
Inputs por minuto
— [DDocs] Dr.Rollstuhl - Twitch - - 新竹
Build order — [DDocs] Dr.Rollstuhl - Twitch
Primeras 150 de 314 acciones detectadas
| 0:01 | Encolar | Villager (Male) |
| 0:01 | Encolar | Villager (Male) |
| 0:01 | Encolar | Villager (Male) |
| 0:01 | Encolar | Villager (Male) |
| 0:02 | Construir | House |
| 0:03 | Construir | House |
| 1:27 | Encolar | Villager (Male) |
| 1:27 | Encolar | Villager (Male) |
| 1:32 | Construir | Lumber Camp |
| 1:59 | Encolar | Villager (Male) |
| 1:59 | Encolar | Villager (Male) |
| 2:24 | Encolar | Villager (Male) |
| 2:24 | Encolar | Villager (Male) |
| 2:53 | Encolar | Villager (Male) |
| 2:53 | Encolar | Villager (Male) |
| 3:15 | Encolar | Villager (Male) |
| 3:15 | Encolar | Villager (Male) |
| 3:34 | Construir | Mill |
| 3:39 | Construir | House |
| 3:49 | Encolar | Villager (Male) |
| 3:49 | Encolar | Villager (Male) |
| 3:50 | Encolar | Villager (Male) |
| 4:02 | Construir | Mill |
| 4:10 | Encolar | Villager (Male) |
| 4:11 | Encolar | Villager (Male) |
| 4:26 | Construir | Palisade Wall |
| 4:28 | Construir | Palisade Wall |
| 4:32 | Construir | Palisade Wall |
| 4:51 | Encolar | Villager (Male) |
| 4:51 | Encolar | Villager (Male) |
| 4:51 | Encolar | Villager (Male) |
| 4:52 | Encolar | Villager (Male) |
| 5:28 | Encolar | Villager (Male) |
| 5:28 | Encolar | Villager (Male) |
| 5:41 | Encolar | Villager (Male) |
| 5:42 | Encolar | Villager (Male) |
| 6:00 | Encolar | Villager (Male) |
| 6:00 | Investigar | Loom |
| 7:09 | Investigar | Feudal Age |
| 8:03 | Construir | Barracks |
| 8:17 | Construir | House |
| 8:29 | Construir | Palisade Gate |
| 8:38 | Construir | House |
| 8:41 | Construir | Palisade Wall |
| 8:47 | Construir | Barracks |
| 9:05 | Construir | Palisade Wall |
| 9:07 | Construir | Palisade Wall |
| 9:08 | Construir | Palisade Wall |
| 9:17 | Encolar | Villager (Male) |
| 9:19 | Edad | Edad Feudal |
| 9:32 | Construir | Watch Tower |
| 9:36 | Encolar | Villager (Male) |
| 9:43 | Investigar | Double-Bit Axe |
| 9:45 | Encolar | Villager (Male) |
| 10:00 | Encolar | Villager (Male) |
| 10:23 | Encolar | Villager (Male) |
| 10:44 | Construir | Archery Range |
| 10:46 | Encolar | Villager (Male) |
| 11:04 | Construir | Palisade Wall |
| 11:05 | Construir | Palisade Wall |
| 11:06 | Construir | Palisade Wall |
| 11:11 | Construir | Mining Camp |
| 11:13 | Encolar | Villager (Male) |
| 11:22 | Encolar | Villager (Male) |
| 11:25 | Construir | House |
| 11:26 | Encolar | Villager (Male) |
| 11:27 | Encolar | Villager (Male) |
| 11:27 | Encolar | Villager (Male) |
| 11:28 | Encolar | Archer |
| 11:28 | Encolar | Archer |
| 11:35 | Construir | Mill |
| 12:01 | Construir | Palisade Wall |
| 12:10 | Construir | Farm |
| 12:11 | Construir | Farm |
| 12:16 | Encolar | Archer |
| 12:16 | Encolar | Archer |
| 12:52 | Construir | House |
| 13:12 | Construir | Lumber Camp |
| 13:24 | Encolar | Archer |
| 13:40 | Encolar | Archer |
| 13:55 | Construir | House |
| 13:58 | Encolar | Villager (Male) |
| 13:59 | Encolar | Villager (Male) |
| 14:33 | Encolar | Villager (Male) |
| 14:34 | Encolar | Villager (Male) |
| 14:42 | Construir | House |
| 14:44 | Construir | Palisade Wall |
| 14:48 | Encolar | Archer |
| 14:52 | Construir | Blacksmith |
| 14:54 | Encolar | Villager (Male) |
| 14:54 | Encolar | Villager (Male) |
| 15:16 | Encolar | Villager (Male) |
| 15:17 | Encolar | Villager (Male) |
| 15:30 | Encolar | Archer |
| 15:37 | Construir | Farm |
| 15:39 | Construir | Farm |
| 15:50 | Construir | Mining Camp |
| 15:55 | Construir | Farm |
| 15:56 | Encolar | Archer |
| 15:57 | Encolar | Villager (Male) |
| 16:04 | Investigar | Fletching |
| 16:04 | Investigar | Fletching |
| 16:19 | Encolar | Villager (Male) |
| 16:19 | Encolar | Villager (Male) |
| 16:20 | Encolar | Villager (Male) |
| 16:26 | Encolar | Villager (Male) |
| 16:26 | Encolar | Villager (Male) |
| 16:32 | Construir | Farm |
| 16:37 | Construir | House |
| 16:47 | Construir | House |
| 16:48 | Construir | House |
| 16:49 | Construir | House |
| 16:51 | Encolar | Archer |
| 16:51 | Encolar | Archer |
| 16:57 | Encolar | Villager (Male) |
| 16:58 | Encolar | Villager (Male) |
| 16:58 | Encolar | Villager (Male) |
| 17:02 | Encolar | Archer |
| 17:02 | Encolar | Archer |
| 17:22 | Construir | Palisade Wall |
| 17:30 | Encolar | Villager (Male) |
| 17:30 | Encolar | Villager (Male) |
| 17:31 | Encolar | Villager (Male) |
| 17:35 | Construir | Farm |
| 17:40 | Construir | Farm |
| 17:42 | Construir | Farm |
| 17:49 | Construir | Farm |
| 17:53 | Encolar | Archer |
| 17:53 | Encolar | Archer |
| 18:01 | Encolar | Villager (Male) |
| 18:03 | Construir | Farm |
| 18:06 | Encolar | Archer |
| 18:17 | Construir | Farm |
| 18:18 | Encolar | Villager (Male) |
| 18:34 | Encolar | Villager (Male) |
| 18:52 | Construir | Farm |
| 19:09 | Encolar | Archer |
| 19:20 | Encolar | Archer |
| 19:25 | Construir | Farm |
| 19:26 | Encolar | Villager (Male) |
| 19:41 | Encolar | Archer |
| 19:49 | Encolar | Villager (Male) |
| 19:51 | Construir | Farm |
| 19:54 | Encolar | Villager (Male) |
| 20:05 | Construir | Palisade Wall |
| 20:10 | Encolar | Villager (Male) |
| 20:12 | Encolar | Villager (Male) |
| 20:13 | Construir | Farm |
| 20:32 | Construir | Market |
| 20:48 | Construir | House |
Build order — 新竹
Primeras 150 de 377 acciones detectadas
| 0:00 | Encolar | Villager (Male) |
| 0:01 | Encolar | Villager (Male) |
| 0:01 | Encolar | Villager (Male) |
| 0:02 | Construir | House |
| 0:05 | Construir | House |
| 0:20 | Encolar | Villager (Male) |
| 0:21 | Encolar | Villager (Male) |
| 1:35 | Encolar | Villager (Male) |
| 1:35 | Encolar | Villager (Male) |
| 1:35 | Encolar | Villager (Male) |
| 1:58 | Encolar | Villager (Male) |
| 1:59 | Encolar | Villager (Male) |
| 1:59 | Encolar | Villager (Male) |
| 2:14 | Encolar | Villager (Male) |
| 2:14 | Encolar | Villager (Male) |
| 2:14 | Encolar | Villager (Male) |
| 2:18 | Construir | Lumber Camp |
| 2:44 | Encolar | Villager (Male) |
| 2:44 | Encolar | Villager (Male) |
| 3:06 | Construir | House |
| 3:11 | Encolar | Villager (Male) |
| 3:11 | Encolar | Villager (Male) |
| 3:11 | Encolar | Villager (Male) |
| 3:29 | Encolar | Villager (Male) |
| 3:29 | Encolar | Villager (Male) |
| 3:34 | Encolar | Villager (Male) |
| 3:49 | Encolar | Villager (Male) |
| 3:49 | Encolar | Villager (Male) |
| 3:49 | Encolar | Villager (Male) |
| 4:39 | Encolar | Villager (Male) |
| 4:39 | Encolar | Villager (Male) |
| 4:39 | Encolar | Villager (Male) |
| 5:06 | Construir | Mining Camp |
| 5:14 | Construir | House |
| 5:17 | Encolar | Villager (Male) |
| 5:17 | Encolar | Villager (Male) |
| 6:03 | Investigar | Loom |
| 6:03 | Investigar | Loom |
| 6:05 | Construir | Palisade Wall |
| 6:06 | Construir | Palisade Wall |
| 6:43 | Investigar | Feudal Age |
| 7:10 | Construir | Barracks |
| 7:41 | Construir | Mill |
| 8:03 | Encolar | Militia |
| 8:03 | Encolar | Militia |
| 8:03 | Encolar | Militia |
| 8:04 | Encolar | Militia |
| 8:07 | Construir | House |
| 8:25 | Construir | House |
| 8:53 | Edad | Edad Feudal |
| 9:04 | Investigar | Man-at-Arms (upgrade) |
| 9:04 | Investigar | Man-at-Arms (upgrade) |
| 9:04 | Investigar | Man-at-Arms (upgrade) |
| 9:07 | Encolar | Villager (Male) |
| 9:07 | Encolar | Villager (Male) |
| 9:14 | Construir | Palisade Wall |
| 9:31 | Construir | Palisade Wall |
| 9:37 | Encolar | Militia |
| 9:37 | Encolar | Militia |
| 9:41 | Construir | Palisade Wall |
| 10:06 | Encolar | Villager (Male) |
| 10:06 | Encolar | Villager (Male) |
| 10:06 | Encolar | Villager (Male) |
| 10:08 | Construir | Mining Camp |
| 10:22 | Construir | Stone Wall |
| 10:28 | Construir | Stone Wall |
| 10:32 | Encolar | Villager (Male) |
| 10:32 | Encolar | Villager (Male) |
| 10:32 | Encolar | Villager (Male) |
| 10:32 | Encolar | Villager (Male) |
| 10:33 | Construir | Farm |
| 10:34 | Construir | Farm |
| 10:48 | Construir | Stone Wall |
| 11:02 | Construir | Stone Wall |
| 11:05 | Construir | Stone Wall |
| 11:10 | Encolar | Villager (Male) |
| 11:10 | Encolar | Villager (Male) |
| 11:10 | Encolar | Villager (Male) |
| 11:26 | Encolar | Villager (Male) |
| 11:26 | Encolar | Villager (Male) |
| 11:26 | Encolar | Villager (Male) |
| 11:38 | Construir | Watch Tower |
| 11:42 | Encolar | Villager (Male) |
| 11:42 | Encolar | Villager (Male) |
| 11:42 | Encolar | Villager (Male) |
| 11:58 | Construir | Blacksmith |
| 12:15 | Encolar | Villager (Male) |
| 12:16 | Encolar | Villager (Male) |
| 12:16 | Encolar | Villager (Male) |
| 12:16 | Encolar | Villager (Male) |
| 12:22 | Construir | House |
| 12:34 | Investigar | Fletching |
| 12:35 | Investigar | Fletching |
| 12:56 | Encolar | Villager (Male) |
| 12:56 | Encolar | Villager (Male) |
| 12:56 | Encolar | Villager (Male) |
| 13:02 | Construir | House |
| 13:03 | Construir | House |
| 13:19 | Construir | Mining Camp |
| 13:24 | Encolar | Villager (Male) |
| 13:24 | Encolar | Villager (Male) |
| 13:24 | Encolar | Villager (Male) |
| 13:25 | Encolar | Villager (Male) |
| 14:04 | Encolar | Villager (Male) |
| 14:04 | Encolar | Villager (Male) |
| 14:04 | Encolar | Villager (Male) |
| 14:07 | Construir | Farm |
| 14:19 | Encolar | Villager (Male) |
| 14:19 | Encolar | Villager (Male) |
| 14:19 | Encolar | Villager (Male) |
| 14:20 | Encolar | Villager (Male) |
| 14:42 | Encolar | Villager (Male) |
| 14:42 | Encolar | Villager (Male) |
| 14:42 | Encolar | Villager (Male) |
| 14:50 | Construir | Watch Tower |
| 14:55 | Construir | Farm |
| 15:00 | Investigar | Double-Bit Axe |
| 15:01 | Investigar | Double-Bit Axe |
| 15:10 | Construir | House |
| 15:16 | Encolar | Villager (Male) |
| 15:16 | Encolar | Villager (Male) |
| 15:16 | Encolar | Villager (Male) |
| 15:26 | Construir | Watch Tower |
| 15:42 | Construir | Farm |
| 15:43 | Construir | Farm |
| 15:59 | Construir | Farm |
| 16:00 | Encolar | Villager (Male) |
| 16:00 | Encolar | Villager (Male) |
| 16:01 | Encolar | Villager (Male) |
| 16:08 | Construir | Watch Tower |
| 16:18 | Construir | Mill |
| 16:31 | Construir | Farm |
| 16:34 | Encolar | Villager (Male) |
| 16:34 | Encolar | Villager (Male) |
| 16:34 | Encolar | Villager (Male) |
| 17:01 | Encolar | Villager (Male) |
| 17:01 | Encolar | Villager (Male) |
| 17:01 | Encolar | Villager (Male) |
| 17:02 | Encolar | Villager (Male) |
| 17:03 | Construir | Farm |
| 17:18 | Encolar | Villager (Male) |
| 17:19 | Encolar | Villager (Male) |
| 17:19 | Encolar | Villager (Male) |
| 17:19 | Encolar | Villager (Male) |
| 17:32 | Construir | Watch Tower |
| 17:33 | Encolar | Villager (Male) |
| 17:34 | Encolar | Villager (Male) |
| 17:40 | Construir | House |
| 17:41 | Construir | House |
| 17:49 | Encolar | Villager (Male) |
Cronología de la partida
| 4:26 | [DDocs] Dr.Rollstuhl - Twitch · wall_segment Palisade Wall x1 |
| 4:28 | [DDocs] Dr.Rollstuhl - Twitch · wall_segment Palisade Wall x1 |
| 4:32 | [DDocs] Dr.Rollstuhl - Twitch · wall_segment Palisade Wall x1 |
| 6:05 | 新竹 · wall_segment Palisade Wall x1 |
| 6:06 | 新竹 · wall_segment Palisade Wall x1 |
| 7:10 | 新竹 · first_building Barracks |
| 8:03 | [DDocs] Dr.Rollstuhl - Twitch · first_building Barracks |
| 8:41 | [DDocs] Dr.Rollstuhl - Twitch · wall_segment Palisade Wall x1 |
| 8:53 | 新竹 · age_up feudal |
| 9:05 | [DDocs] Dr.Rollstuhl - Twitch · wall_segment Palisade Wall x1 |
| 9:07 | [DDocs] Dr.Rollstuhl - Twitch · wall_segment Palisade Wall x1 |
| 9:08 | [DDocs] Dr.Rollstuhl - Twitch · wall_segment Palisade Wall x1 |
| 9:14 | 新竹 · wall_segment Palisade Wall x2 |
| 9:19 | [DDocs] Dr.Rollstuhl - Twitch · age_up feudal |
| 9:31 | 新竹 · wall_segment Palisade Wall x3 |
| 9:41 | 新竹 · wall_segment Palisade Wall x2 |
| 10:22 | 新竹 · wall_segment Stone Wall x3 |
| 10:28 | 新竹 · wall_segment Stone Wall x4 |
| 10:44 | [DDocs] Dr.Rollstuhl - Twitch · first_building Archery Range |
| 10:48 | 新竹 · wall_segment Stone Wall x3 |
| 11:02 | 新竹 · wall_segment Stone Wall x3 |
| 11:04 | [DDocs] Dr.Rollstuhl - Twitch · wall_segment Palisade Wall x1 |
| 11:05 | 新竹 · wall_segment Stone Wall x2 |
| 11:05 | [DDocs] Dr.Rollstuhl - Twitch · wall_segment Palisade Wall x1 |
| 11:06 | [DDocs] Dr.Rollstuhl - Twitch · wall_segment Palisade Wall x1 |
| 12:01 | [DDocs] Dr.Rollstuhl - Twitch · wall_segment Palisade Wall x1 |
| 14:44 | [DDocs] Dr.Rollstuhl - Twitch · wall_segment Palisade Wall x7 |
| 17:22 | [DDocs] Dr.Rollstuhl - Twitch · wall_segment Palisade Wall x15 |
| 20:00 | 新竹 · first_building Stable |
| 20:05 | [DDocs] Dr.Rollstuhl - Twitch · wall_segment Palisade Wall x6 |
| 20:44 | 新竹 · first_market_buy 100 wood |
| 21:26 | [DDocs] Dr.Rollstuhl - Twitch · first_market_buy 100 food |
| 22:43 | [DDocs] Dr.Rollstuhl - Twitch · wall_segment Stone Wall x1 |
| 24:08 | [DDocs] Dr.Rollstuhl - Twitch · first_market_sell 100 food |
| 24:13 | [DDocs] Dr.Rollstuhl - Twitch · first_building Stable |
| 24:18 | 新竹 · age_up castle |
| 24:24 | [DDocs] Dr.Rollstuhl - Twitch · age_up castle |
| 25:59 | [DDocs] Dr.Rollstuhl - Twitch · first_building Castle |
| 26:22 | 新竹 · first_building Monastery |
| 26:23 | [DDocs] Dr.Rollstuhl - Twitch · wall_segment Stone Wall x1 |
| 26:27 | [DDocs] Dr.Rollstuhl - Twitch · wall_segment Stone Wall x1 |
| 26:37 | [DDocs] Dr.Rollstuhl - Twitch · wall_segment Stone Wall x1 |
| 26:47 | [DDocs] Dr.Rollstuhl - Twitch · wall_segment Stone Wall x1 |
| 26:48 | [DDocs] Dr.Rollstuhl - Twitch · wall_segment Stone Wall x1 |
| 28:45 | [DDocs] Dr.Rollstuhl - Twitch · wall_segment Palisade Wall x1 |
| 28:46 | [DDocs] Dr.Rollstuhl - Twitch · wall_segment Palisade Wall x1 |
| 32:40 | [DDocs] Dr.Rollstuhl - Twitch · first_building Siege Workshop |
| 34:41 | 新竹 · first_building Castle |
| 39:44 | [DDocs] Dr.Rollstuhl - Twitch · resign |
[ ANÁLISIS IA · 1 CRÉDITO ]
¿Qué pasó realmente en esta partida?
Wolo.gg analiza cada decisión: build order, eco, micro, errores típicos por bracket. Análisis personalizado por WhatsApp o Discord en 30 segundos.
Guía civ
Magiares
Perfil
Jugador #5608318